 Dungeon Crawl Stone Soup version 0.26-a0-154-g3d63440f56 (webtiles) character file.

Game seed: 13686447942809035957

317 Flugslaktarn the Chiller (level 6, 0/42 HPs)
             Began as a Vine Stalker Ice Elementalist on July 1, 2020.
             Slain by a scorpion (2 damage)
             ... on level 6 of the Dungeon.
             The game lasted 00:05:28 (924 turns).

Flugslaktarn the Chiller (VSIE)                      Turns: 924, Time: 00:05:29

Health: 0/42       AC: 23    Str: 16    XL:     6   Next: 45%
Magic:  0/13       EV:  2    Int: 17    God:
Gold:   100        SH:  0    Dex: 15    Spells: 9/13 levels left

rFire    . . .     SeeInvis .   h - +1 short sword (venom)
rCold    . . .     Faith    .   (no shield)
rNeg     + + +     Spirit   +   (armour currently unavailable)
rPois    +         Reflect  .   (helmet currently unavailable)
rElec    .         Harm     .   (cloak currently unavailable)
rCorr    .         NoTele   +   (gloves currently unavailable)
MR       .....                  (boots currently unavailable)
Stlth    ++........             (no amulet)
HPRegen  0.54/turn              b - +6 ring of strength
MPRegen  0.13/turn              (no ring)

@: lethally poisoned (0 -> -1), tree-form, frozen ramparts, very slightly
contaminated
A: regeneration 1, magic shield, no potion heal 3, rot immunity
a: no special abilities


You were on level 6 of the Dungeon.
You were hungry.
You were a tree.
You visited 1 branch of the dungeon, and saw 6 of its levels.

You collected 100 gold pieces.

Inventory:

Hand Weapons
 h - a +1 short sword of venom (weapon)
   (You took it off an orc on level 3 of the Dungeon)
 i - a +0 whip
   (You found it on level 2 of the Dungeon)
 r - a +3 quarterstaff of chaos
   (You took it off Crazy Yiuf on level 5 of the Dungeon)
Missiles
 p - 2 curare-tipped darts (quivered)
Armour
 a - a +0 robe (melded)
 q - a +0 cloak (melded)
   (You took it off Crazy Yiuf on level 5 of the Dungeon)
Jewellery
 b - a +6 ring of strength (left branch)
   (You found it on level 1 of the Dungeon)
Scrolls
 d - a scroll of remove curse
 e - 2 scrolls of magic mapping {unknown}
 f - a scroll of noise {unknown}
 g - a scroll of blinking {unknown}
 j - a scroll of teleportation {unknown}
 k - a scroll of fear {unknown}
 l - 3 scrolls of identify {unknown}
 n - a scroll of fog {unknown}
Potions
 m - a potion of cancellation {unknown}
 o - a potion of lignification
 s - a potion of ambrosia {unknown}
Comestibles
 c - 3 rations


   Skills:
 - Level 1.5 Dodging
 - Level 2.4 Stealth
 - Level 4.0 Spellcasting
 + Level 6.7 Ice Magic


You had 9 spell levels left.
You knew the following spells:

 Your Spells              Type           Power        Failure   Level  Hunger
a - Freeze                Ice            ####         1%          1    None
b - Frozen Ramparts       Ice            ####..       3%          3    ###....

Your spell library contained the following spells:

 Spells                   Type           Power        Failure   Level  Hunger
 Ozocubu's Armour         Chrm/Ice       ##......     12%         3    ###....
 Hailstorm                Conj/Ice       ##......     36%         4    ####...
 Summon Ice Beast         Ice/Summ       ##......     36%         4    ####...


Dungeon Overview and Level Annotations

Branches:
Dungeon (6/15)
 Temple: D:4-7

Altars:


Innate Abilities, Weirdness & Mutations

((You have extremely sharp teeth.))
Your natural rate of healing is unusually fast.
When hurt, damage is shared between your health and your magic reserves.
((Your bite disrupts and absorbs the magic of your enemies.))
Potions cannot restore your health.
You are immune to rotting.


Message History

You drain its power.
You feel invigorated.
The black bear is moderately wounded.
The scorpion stings you.
The wall freezes the black bear.
The black bear bites you.
* * * LOW HITPOINT WARNING * * *
The black bear claws you.
* * * LOW HITPOINT WARNING * * *
The black bear closely misses you.
You hit the black bear but do no damage.
The black bear looks as sick as possible!
You bite the black bear. You drain its power.
You feel invigorated.
The black bear is heavily wounded.
The scorpion stings you!
* * * LOW HITPOINT WARNING * * *
The wall freezes the black bear.
The black bear goes berserk!
You closely miss the black bear.
The black bear is severely wounded.
The wall freezes the black bear.
The black bear closely misses you. The black bear barely misses you.
The black bear claws you but does no damage.
The scorpion barely misses you.
The wall freezes the black bear.
The black bear misses you. The black bear claws you.
* * * LOW HITPOINT WARNING * * *
The black bear barely misses you.
Casting: Frozen Ramparts (dangerous; 3% risk of failure)
Confirm with . or Enter, or press ? or * to list all spells.
Aiming: Freeze (safe; 1% risk of failure)
Press: ? - help, Shift-Dir - straight line, f - black bear
Aim: a black bear (almost dead, berserk, extremely poisoned)
You freeze the black bear!
You kill the black bear!
The scorpion stings you!
* * * LOW HITPOINT WARNING * * *
You are lethally poisoned!
The scorpion poisons you!
Really quaff the potion of lignification?
You turn into a tree.
Your +0 cloak melds into your body.
Your +0 robe melds into your body.
Your roots penetrate the ground.
You feel sick.
The scorpion stings you but does no damage.
Unknown command.
Unknown command.
You barely miss the scorpion.
The scorpion is lightly wounded.
You feel sick. The scorpion stings you.
* * * LOW HITPOINT WARNING * * *
You barely miss the scorpion.
The scorpion is lightly wounded.
You feel sick. The scorpion stings you.
You die...

#...........#
#...>.......#
#...........#
#...........##
..##............#
.................
.................
######..<........
#.#♣).......
...#†s.....$.
#...h..........
.........<......
#..####.........
#.. #.........
#$........
#........
#........


You could see a scorpion.

Vanquished Creatures
  A black bear (D:6)
  A centaur (D:6)
  A howler monkey (D:5)
  Crazy Yiuf (D:5)
  2 adders
  An ooze (D:1)
  2 adder skeletons
  A worm (D:2)
  A dart slug (D:3)
  A leopard gecko (D:4)
  2 orcs (D:3)
  4 bats
  4 giant cockroaches
  2 goblins (D:3)
  3 hobgoblins
  7 jackals
  3 kobolds (D:2)
  A quokka (D:3)
  A giant cockroach zombie (D:5)
  3 rats
  A fungus (D:5)
43 creatures vanquished.

Notes
Turn   | Place    | Note
-------+----------+-------------------------------------------
     0 | D:1      | Flugslaktarn the Vine Stalker Ice Elementalist began the
                  | quest for the Orb.
     0 | D:1      | Reached XP level 1. HP: 9/9 MP: 4/4
    60 | D:1      | Reached XP level 2. HP: 6/13 MP: 0/6
   309 | D:2      | Reached XP level 3. HP: 7/16 MP: 0/8
   334 | D:3      | Learned a level 3 spell: Frozen Ramparts
   696 | D:5      | Entered Level 5 of the Dungeon
   703 | D:5      | Gained mutation: Your natural rate of healing is unusually
                  | fast. [Vine Stalker growth]
   703 | D:5      | Reached XP level 4. HP: 17/21 MP: 8/10
   772 | D:5      | Found a runed translucent door.
   773 | D:5      | Noticed Crazy Yiuf
   781 | D:5      | Killed Crazy Yiuf
   781 | D:5      | Reached skill level 5 in Ice Magic
   867 | D:5      | Reached XP level 5. HP: 24/24 MP: 6/11
   898 | D:6      | Noticed a centaur
   911 | D:6      | Noticed a black bear
   916 | D:6      | Killed a centaur
   916 | D:6      | Reached skill level 6 in Ice Magic
   916 | D:6      | Reached XP level 6. HP: 15/28 MP: 6/13
   921 | D:6      | Killed a black bear
   924 | D:6      | HP: 2/42 [poisoned by a scorpion]
   924 | D:6      | Slain by a scorpion

Illustrated notes

Levels and vault maps discovered:
D:1:      minmay_arrival_radiant_lines, layout_loops_ring, grunt_decor_cap,
          hangedman_feature_mirror, minmay_box_of_dots
D:2:      layout_loops_ring, first_ration, minmay_worlds_worst_comb
D:3:      layout_basic
D:4:      minmay_general_purpose_star, layout_basic,
          nicolae_overflow_hidden_temple, uniq_natasha
D:5:      layout_gridville, uniq_crazy_yiuf_cottage, uniq_ijyb, uniq_duvessa
D:6:      layout_rooms, minmay_temple_entry_antechambers, serial_corexii_hall,
          chequers_hall_statues_corner_a, corexii_hall_statues_s,
          nicolae_ru_path_of_blood

Skill      XL: |  1  2  3  4  5 |
---------------+----------------+-----
Spellcasting   | 3 4 |  4.0
Ice Magic      | 5 6 |  6.7
Dodging        | |  1.5
Stealth        | |  2.4

Action                   |  1- 3 |  4- 6 || total
-------------------------+-------+-------++-------
Melee: Unarmed           |     7 |       ||     7
       Whip              |     8 |       ||     8
       Bite              |     4 |    18 ||    22
       Short sword       |     4 |    40 ||    44
Throw: Dart              |       |     1 ||     1
 Cast: Freeze            |    24 |     3 ||    27
       Frozen Ramparts   |     1 |     4 ||     5
  Use: Scroll            |     1 |       ||     1
       Potion            |     2 |     1 ||     3
 Stab: Sleeping          |     2 |     1 ||     3
Armor: Robe              |     6 |    12 ||    18
       Skin              |       |     1 ||     1
Dodge: Dodged            |    35 |    32 ||    67

Table legend:
 A = Non-vault XP
 B = Vault XP
 C = Vault XP percentage of total XP
 D = Non-vault monster count
 E = Vault monster count
 F = Vault count percentage of total count
                 A         B        C        D         E       F
            +---------+---------+-------+---------+---------+-------
      Total |     413 |      41 |   9.0 |      41 |       1 |   2.4
            +---------+---------+-------+---------+---------+-------
        D:1 |      14 |       0 |   0.0 |       5 |       0 |   0.0
        D:2 |      24 |       0 |   0.0 |      12 |       0 |   0.0
        D:3 |      20 |       0 |   0.0 |       9 |       0 |   0.0
        D:4 |       3 |       0 |   0.0 |       1 |       0 |   0.0
        D:5 |      79 |      41 |  34.2 |       6 |       1 |  14.3
        D:6 |     273 |       0 |   0.0 |       8 |       0 |   0.0
            +---------+---------+-------+---------+---------+-------
